 Dungeon Crawl Stone Soup version 0.20.1-1-g8b1a95d (webtiles) character file.

777 dohliylev the Covert (level 7, -9/51 HPs)
             Began as a Vampire Assassin on Dec 2, 2017.
             Was a Follower of Nemelex Xobeh.
             Mangled by a wraith (12 damage)
             ... on level 6 of the Dungeon.
             The game lasted 00:23:53 (4874 turns).

dohliylev the Covert (Vampire Assassin)             Turns: 4874, Time: 00:23:54

Health: -9/51      AC:  5    Str: 10    XL:     7   Next: 54%
Magic:  7/7        EV: 14    Int: 13    God:    Nemelex Xobeh [*.....]
Gold:   32         SH:  4    Dex: 18    Spells: 6/6 levels left

rFire    . . .     SeeInvis +   a - +1 dagger (venom)
rCold    . . .     Gourm    .   C - +0 buckler
rNeg     + + .     Faith    .   c - +0 robe
rPois    .         Spirit   .   s - +0 helmet
rElec    .         Reflect  .   d - +0 cloak
rCorr    .         Harm     .   p - +0 pair of gloves
MR       .....                  (no boots)
Stlth    +++++.....             (no amulet)
Regen    0.2/turn               G - ring of positive energy
MPRegen  0.1/turn               (no ring)

@: slowed, very slow
A: fangs 3, see invisible, unbreathing
a: Bat Form, Renounce Religion


You were on level 6 of the Dungeon.
You worshipped Nemelex Xobeh.
Nemelex Xobeh was aware of your devotion.
You were not thirsty.

You visited 1 branch of the dungeon, and saw 6 of its levels.
You also visited: Sewer.

You collected 272 gold pieces.
You spent 240 gold pieces at shops.

Inventory:

Hand Weapons
 a - a +1 dagger of venom (weapon)
 b - a +0 blowgun
 v - the +6 scimitar of Qodaptex {freeze, *Rage rPois Str+7 Dex+3}
   (You found it in a sewer)

   It has been specially enchanted to freeze those struck by it, causing extra
   injury to most foes and up to half again as much damage against particularly
   susceptible opponents.
   It can also slow down cold-blooded creatures.
   It affects your strength (+7).
   It affects your dexterity (+3).
   It protects you from poison.
   It may make you go berserk in combat.
Missiles
 e - 48 poisoned needles
 f - 2 curare-tipped needles
Armour
 c - a +0 robe (worn)
 d - a +0 cloak (worn)
 p - a +0 pair of gloves (worn)
 s - a +0 helmet (worn)
 C - a +0 buckler (worn)
Jewellery
 G - a ring of positive energy (left hand)
Scrolls
 k - 2 scrolls of enchant weapon {unknown}
 l - 3 scrolls of remove curse
 m - 3 scrolls of fog {unknown}
 t - 2 scrolls of teleportation {unknown}
 y - a scroll of blinking {unknown}
 z - a scroll of random uselessness {unknown}
 A - 3 scrolls of identify {unknown}
 B - a scroll of amnesia {unknown}
 E - a scroll of noise {unknown}
 F - a scroll of immolation {unknown}
Potions
 g - 17 potions of blood
 h - 2 potions of mutation {unknown}
 i - 4 potions of curing
 j - a potion of brilliance {unknown}
 n - 3 potions of agility {unknown}
 o - 2 potions of cancellation {unknown}
 q - 3 potions of heal wounds {unknown}
 r - a potion of ambrosia {unknown}
 u - a potion of lignification {unknown}
 D - 2 potions of haste {unknown}
Miscellaneous
 w - a plain deck of destruction {drawn: 3}
 H - a plain deck of escape
Comestibles
 x - 5 fruits


   Skills:
 - Level 2.8 Fighting
 * Level 5.4 Short Blades
 - Level 2.0 Throwing
 * Level 4.0 Dodging
 - Level 10.0 Stealth
 + Level 0.3 Shields


You had 6 spell levels left.
You didn't know any spells.

Dungeon Overview and Level Annotations

Branches:
Dungeon (6/15)
 Temple: D:4-7

Altars:
Nemelex Xobeh
Sif Muna
Zin

Shops:
D:6 *

Annotations:
D:5 Gremour's ghost, novice DsFi


Innate Abilities, Weirdness & Mutations

You have razor-sharp teeth.
You have supernaturally acute eyesight. (SInv)
You can survive without breathing.


Message History

There isn't anything here!
Unknown command.
You draw a card...
It is Vitriol.
You have drawn Vitriol.
Press: ? - help, Shift-Dir - straight line, f - wraith
Aim: a wraith (almost destroyed)
The glob of acid misses the wraith.
The wraith closely misses you. The wraith hits you!
* * * LOW HITPOINT WARNING * * *
Evoke which item? (* to show all) (? for menu, Esc to quit)
You draw a card...
It is Wild Magic.
Sparks fly from the wraith's hands!
You feel a surge of magic. The wraith hits you.
* * * LOW HITPOINT WARNING * * *
The wraith drains your vigour!
You feel as though you will be slow longer.
Evoke which item? (* to show all) (? for menu, Esc to quit)
You draw a card...
It is Wild Magic.
The wraith looks momentarily listless.
You feel a surge of magic. The wraith hits you!
You die...
Your body disappears without a glow.

####.......#
##...#
#....#######
#..## #[####
##.#### #
#....+
#..### #
##.## #.
#..#
≈≈§#..##..#
≈≈....W@..#
......###..#
..... ##.#
##.. .# ##
.# ### .#
#.# ..# ###


You could see a wraith.

Vanquished Creatures
  An ogre (D:5)
  A centaur (D:5)
  A bullfrog (Sewer)
  2 scorpions
  4 orc priests
  4 orc wizards
  A worker ant (D:6)
  4 adders
  A river rat (D:5)
  3 oozes
  An adder skeleton (D:6)
  5 worms
  5 leopard geckos
  12 orcs
  5 ball pythons
  7 bats
  11 giant cockroaches
  6 goblins
  7 hobgoblins
  11 jackals
  3 quokkas
  9 frilled lizards
  2 kobolds (D:1)
  10 rats
116 creatures vanquished.

Notes
Turn   | Place    | Note
-------+----------+-------------------------------------------
     0 | D:1      | dohliylev the Vampire Assassin began the quest for the Orb.
     0 | D:1      | Reached XP level 1. HP: 16/16 MP: 1/1
     2 | D:1      | Noticed a gargoyle
     2 | D:1      | Noticed a formicid
     4 | D:1      | Noticed a demonspawn
     4 | D:1      | Noticed a halfling
     6 | D:1      | Noticed a centaur
     6 | D:1      | Noticed a naga
     8 | D:1      | Noticed an ogre
     8 | D:1      | Noticed a spriggan
    10 | D:1      | Noticed an octopode
    10 | D:1      | Noticed a troll
    12 | D:1      | Noticed a dwarf
    12 | D:1      | Noticed a vine stalker
    14 | D:1      | Noticed a merfolk
    16 | D:1      | Noticed an elf
    18 | D:1      | Noticed a felid
    18 | D:1      | Noticed a vampire
    20 | D:1      | Noticed a human
    20 | D:1      | Noticed a draconian
    22 | D:1      | Noticed a tengu
    22 | D:1      | Noticed a demigod
    24 | D:1      | Noticed a minotaur
    24 | D:1      | Noticed a ghoul
    45 | D:1      | Reached skill level 6 in Stealth
    95 | D:1      | Reached XP level 2. HP: 20/22 MP: 2/2
   397 | D:1      | Reached skill level 7 in Stealth
   537 | D:1      | Reached XP level 3. HP: 27/27 MP: 3/3
   966 | D:2      | Found a glowing silver altar of Zin.
   980 | D:2      | Found Zin's Purification Station.
   989 | D:2      | Bought a potion of curing for 90 gold pieces
  1434 | D:2      | Reached XP level 4. HP: 30/33 MP: 4/4
  1638 | D:3      | Reached skill level 8 in Stealth
  1928 | D:3      | Reached XP level 5. HP: 39/39 MP: 5/5
  2302 | D:3      | You fall through a shaft for 2 floors!
  2302 | D:5      | Entered Level 5 of the Dungeon
  2302 | D:5      | Noticed Gremour's ghost (novice DsFi)
  2328 | D:5      | Noticed an ogre
  2332 | D:5      | Killed an ogre
  2332 | D:5      | Reached skill level 9 in Stealth
  2381 | D:6      | Reached XP level 6. HP: 8/46 MP: 6/6
  2473 | D:5      | Found a glowing drain.
  2494 | Sewer    | Entered a sewer
  2877 | Sewer    | Got a pitted scimitar
  2927 | Sewer    | Identified the +6 scimitar of Qodaptex {freeze, *Rage rPois Str+7 Dex+3} (You found it in a sewer)
  3282 | D:3      | Found a deep blue altar of Sif Muna.
  3313 | D:3      | Found a sparkling altar of Nemelex Xobeh.
  3397 | D:3      | Became a worshipper of Nemelex Xobeh the Trickster
  3776 | D:4      | Received a gift from Nemelex Xobeh
  4301 | D:5      | Reached XP level 7. HP: 51/51 MP: 7/7
  4522 | D:5      | Reached skill level 5 in Short Blades
  4757 | D:6      | Found Sonirov's Assorted Antiques.
  4766 | D:6      | Reached skill level 10 in Stealth
  4770 | D:6      | Bought a shiny gilded ring for 150 gold pieces
  4840 | D:6      | Reached * piety under Nemelex Xobeh
  4840 | D:6      | Received a gift from Nemelex Xobeh
  4857 | D:6      | Noticed a wraith
  4874 | D:6      | Mangled by a wraith

Skill      XL: |  1  2  3  4  5  6  7 |
---------------+----------------------+-----
Stealth        | 6 7 8 9 10 | 10.0
Fighting       | 2 |  2.8
Short Blades   | 3 4 5 |  5.4
Throwing       | 2 |  2.0
Dodging        | 3 4 |  4.0
Shields        | |  0.3

Action                   |  1- 3 |  4- 6 |  7- 9 || total
-------------------------+-------+-------+-------++-------
Melee: Dagger            |   124 |   226 |    56 ||   406
       Bite              |    10 |    31 |     5 ||    46
 Fire: Blowgun           |       |    34 |    10 ||    44
 Abil: End Transformatio |       |     3 |       ||     3
       Bat Form          |       |     3 |       ||     3
Evoke: Deck              |       |       |     3 ||     3
  Use: Potion            |       |     7 |       ||     7
       Scroll            |       |     1 |       ||     1
 Stab: Sleeping          |    11 |    14 |     3 ||    28
       Distracted        |       |       |     1 ||     1
  Eat: Corpse            |    12 |     4 |       ||    16
Armor: Robe              |    31 |    42 |    14 ||    87
Dodge: Dodged            |    90 |   117 |    24 ||   231
Block: Buckler           |       |     1 |    13 ||    14
